 Dungeon Sprint DCSS version 0.31.0-1-g2c135a0 (webtiles) character file.

Game seed: 5648178365214564943

282422 PurpleRed the Ruinous (level 13, 95/95 HPs)
             Began as a Deep Elf Conjurer on Mar 3, 2024.
             Was the Champion of Sif Muna.
             Escaped with the Orb!
             The game lasted 00:43:47 (5807 turns).

PurpleRed the Ruinous (Deep Elf Conjurer)           Turns: 5807, Time: 00:43:47

Health: 95/95      AC: 11    Str:  4    XL:     13   Next: 9%
Magic:  46/46      EV: 14    Int: 32    God:    Sif Muna [******]
Gold:   2886       SH:  0    Dex: 13    Spells: 9/48 levels left

rFire   + . .        j - staff of Due Proportion {Str+2 Air Earth}
rCold   . . .        (no shield)
rNeg    + . .        o - +2 leather armour {rPois}
rPois   +            n - +2 helmet {Int+3}
rElec   .            p - +2 cloak
rCorr   .            (no gloves)
SInv    .            (no boots)
Will    +....        (no amulet)
Stlth   +            w - ring of protection from fire
HPRegen 0.35/turn    z - ring "Ystripiy" {rPois rN+ MP+9 Str-2 Slay+2}
MPRegen 0.30/turn

%: no teleportation
@: no status effects
A: no striking features
0: Orb of Zot
a: Renounce Religion, Channel Magic, Forget Spell, Divine Exegesis


You escaped.
You worshipped Sif Muna.
Sif Muna was exalted by your worship.
You visited 1 branch You collected 5418 gold pieces.
You spent 2532 gold pieces at shops.

Inventory:

Hand Weapons
 f - a +2 dagger of venom
 y - the +4 hand axe "Cikuutz" {speed, *Corrode Fly Dex+3}
   (You found it in the Dungeon)

   Dex+3:     It affects your dexterity (+3).
   Fly:       It grants you flight.
   *Corrode:  It may corrode you when you take damage.
Missiles
 h - 4 curare-tipped darts
Armour
 a - a +0 robe
 k - the +1 robe "Ceud" {rCorr Str+4}
   (You bought it in a shop in the Dungeon)

   Str+4:     It affects your strength (+4).
   rCorr:     It protects you from acid and corrosion.
 n - a +2 helmet of intelligence (worn)
 o - a +2 leather armour of poison resistance (worn)
 p - a +2 cloak (worn)
 B - a +1 cloak of stealth
Magical Staves
 j - the staff of Due Proportion (weapon) {Str+2 Air Earth}
   (You found it in the Dungeon)

   [staff of earth]

   Base accuracy: +5 Base damage: 5 Base attack delay: 1.2 This weapon's minimum
   attack delay (0.6) is reached at skill level 12.
   Str+2:     It affects your strength (+2).
   Air:       It increases the power of your Air spells.
   Earth:     It increases the power of your Earth spells.
   It falls into the 'Staves' category.
   It is a one-handed weapon.
 v - a staff of cold
 x - a staff of air
 A - a staff of alchemy
Jewellery
 w - a ring of protection from fire (left hand)
 z - the ring "Ystripiy" (right hand) {rPois rN+ MP+9 Str-2 Slay+2}
   (You found it in the Dungeon)

   [ring of magical power]

   Str-2:     It affects your strength (-2).
   Slay+2:    It affects your accuracy & damage with ranged weapons and melee
   (+2).
   rPois:     It protects you from poison rN+: It protects you from negative
   energy.
   MP+9:      It affects your magic capacity (+9).
Wands
 e - a wand of quicksilver (5)
 i - a wand of iceblast (12)
Scrolls
 d - a scroll of enchant weapon
 l - a scroll of fear
 C - a scroll of identify
Potions
 b - 3 potions of magic
 c - 7 potions of curing
 q - a potion of cancellation
 r - a potion of heal wounds
 s - 2 potions of resistance
 t - a potion of brilliance
 u - a potion of enlightenment
 D - a potion of lignification
 E - a potion of might
Miscellaneous
 m - a sack of spiders


   Skills:
 + Level 16.5 Fighting
 - Level 8.0 Dodging
 - Level 2.4 Stealth
 - Level 18.0 Spellcasting
 - Level 21.0 Conjurations
 - Level 3.0 Translocations
 - Level 15.8 Fire Magic
 - Level 5.0 Ice Magic
 - Level 8.0 Earth Magic
 - Level 3.0 Alchemy
 - Level 10.0 Invocations


You had 9 spell levels left.
You knew the following spells:

 Your Spells              Type           Power      Damage    Failure   Level
a - Magic Dart            Conj           100%       1d8       0%          1
b - Searing Ray           Conj           100%       2d8       0%          2
c - Fulminant Prism       Conj/Alch      40%        3d19      1%          4
d - Iskenderun's Mystic   Conj/Tloc      81%        2d16      1%          4
e - Freezing Cloud        Conj/Ice/Air   45%        6-21      1%          5
f - Fireball              Conj/Fire      49%        3d19      1%          5
g - Irradiate             Conj/Alch      40%        3d25      1%          5
h - Bombard               Conj/Erth      55%        9d9       1%          6
i - Orb of Destruction    Conj           52%        9d13      1%          7

Your spell library contained the following spells:

 Spells                   Type           Power      Damage    Failure   Level
 Scorch                   Fire           100%       2d9       0%          2
 Iskenderun's Battlesphe  Conj           100%       2d15      0%          5
 Kiss of Death            Conj/Necr      100%       2d13      1%          1
 Sting                    Conj/Alch      100%       1d9       1%          1
 Ensorcelled Hibernation  Hex/Ice        88%        N/A       1%          2
 Dazzling Flash           Conj/Hex       100%       N/A       1%          3
 Passwall                 Erth           88%        N/A       1%          3
 Volatile Blastmotes      Fire/Tloc      100%       2d18      1%          3
 Brom's Barrelling Bould  Conj/Erth      100%       2d11      1%          4
 Arcjolt                  Conj/Air       48%        1d58      1%          5
 Starburst                Conj/Fire      49%        6d13      1%          6
 Cigotuvi's Dreadful Rot  Necr/Alch/Air  100%       N/A       2%          2
 Petrify                  Alch/Erth      77%        N/A       2%          4
 Animate Armour           Summ/Erth      100%       N/A       4%          4
 Conjure Ball Lightning   Conj/Air       48%        3x3d17    4%          6
 Swiftness                Air            43%        N/A       7%          3
 Vhi's Electric Charge    Tloc/Air       100%       N/A       13%         4
 Plasma Beam              Fire/Air       44%        2x1d58    14%         6
 Airstrike                Air            21%        2d(4-20)  24%         4
 Anguish                  Hex/Necr       14%        N/A       24%         4
 Cause Fear               Hex            14%        N/A       24%         4
 Dispel Undead            Necr           28%        3d13      24%         4
 Spellforged Servitor     Conj/Summ      38%        N/A       26%         7
 Yara's Violent Unravell  Hex/Alch       19%        3d9       34%         5
 Summon Mana Viper        Hex/Summ       28%        N/A       54%         5
 Sculpt Simulacrum        Ice/Alch       26%        N/A       56%         6
 Dispersal                Tloc           24%        N/A       71%         6
 Eringya's Noxious Bog    Alch           24%        4d6       71%         6
 Fire Storm               Conj/Fire      49%        8d12      77%         9
 Death Channel            Necr           14%        N/A       98%         6
 Summon Cactus Giant      Summ           14%        N/A       98%         6
 Enfeeble                 Hex            14%        N/A       100%        7
 Haunt                    Necr/Summ      14%        N/A       100%        7
 Borgnjor's Revivificati  Necr           14%        N/A       100%        8
 Discord                  Hex            14%        N/A       100%        8
 Disjunction              Tloc           24%        N/A       100%        8
 Maxwell's Capacitive Co  Air            21%        ∞         100%        8
 Death's Door             Necr           14%        N/A       100%        9


Dungeon Overview and Level Annotations

Branches:
Dungeon (1/1)

Altars:
Cheibriados
Dithmenos
Elyvilon
Fedhas
Gozag
Hepliaklqana
Kikubaaqudgha
Makhleb
Nemelex Xobeh
Okawaru
Qazlal
Ru
Sif Muna
Trog
Uskayaw
Vehumet
Wu Jian
Xom
Yredelemnul
Zin
The Shining One
Jiyva
Lugonu

Shops:
D [*?[*([*:::?!(!!([?[!

Annotations:
D Tiamat


Message History

C - a scroll of identify You now have 2886 gold pieces (gained 10).
You see here a +0 great sword of flaming.
Blink to where?
Press: ? - help, Dir - move target
As you read the scroll of blinking, it crumbles to dust.
You pick up the Orb of Zot!
The Orb lets out an ear-shattering shriek!
The lords of Pandemonium are not amused.
Beware!
Now all you have to do is get back out of the dungeon!
You hear a roar!
Something screams, "Embrace thy failure, thou clouted shard-borne wormtrail!"
Tiamat, Avatar of the Dragonlord comes into view.
She is wielding a +4 demon trident of venom and wearing the +4 dragonskin cloak.
Blink to where?
Press: ? - help, Dir - move target
As you read the scroll of blinking, it crumbles to dust.
Items here: )) ††.
You see here a fire giant corpse.
There is an open door, spattered with blood here.
You see here a +0 great sword of flaming.
There is an open door here.
There is an open door, spattered with blood here.
There is an open door here.
You see here a +0 mace.
There is an open door here.
Things that are here:
a +0 dagger; a +0 robe
There is an open door, spattered with blood here.
There is an open door here.
There is an open door here.
There is an open door here.
There is an open door here.
Things that are here:
a +0 scythe; a +0 robe
There is an open door here.
There is an open door here.
You see here a +0 giant club.
There is a staircase leading out of the dungeon here.
You can't go down here!
You have escaped!

##################
#@.#..'..#..'..#__
#.)'..#..)..#..'..
#..#####'#####§#__
#..####).#...#§###
#..#__####..##§#~§
#[.#_____##'#_§§~§
#⌠⌠#_.∩...'..._#§§
####_..__##_.#'##§
*,,#_____###'#)#.[


There were no monsters in sight!

Vanquished Creatures
  the Lernaean hydra (D)
  A deep elf master archer (D)
  A daeva (D)
  4 fire giants (D)
  A lorocyproca (D)
  A deep elf annihilator (D)
  A mummy priest (D)
  A hydra (D)
  2 centaur warriors (D)
  4 demonic crawlers (D)
  Sonja (D)
  A deep troll (D)
  A lindwurm (D)
  2 oklob plants (D)
  2 merfolk sirens (D)
  8 shining eyes (D)
  A meliai (D)
  2 gargoyles (D)
  7 unseen horrors (D)
  2 kobold demonologists (D)
  3 hornets (D)
  A hellwing (D)
  7 glass eyes (D)
  Sigmund (D)
  A slime creature (D)
  13 hogs (D)
  A yak (D)
  2 redbacks (D)
  An ogre (D)
  7 necrophages (D)
  8 jellies (D)
  Ijyb (D)
90 creatures vanquished.

Vanquished Creatures (others)
  2 hornets (D)
  2 ballistomycete spores (D)
  57 fulminant prisms (D)
61 creatures vanquished.

Grand Total: 151 creatures vanquished

Notes
Turn   | Place    | Note
-------+----------+-------------------------------------------
     0 | D        | PurpleRed the Deep Elf Conjurer began the quest for the
                  | Orb.
     0 | D        | Reached XP level 1. HP: 10/10 MP: 6/6
     3 | D        | Noticed Ijyb
    16 | D        | Killed Ijyb
    17 | D        | Reached skill level 5 in Spellcasting
    17 | D        | Reached skill level 6 in Conjurations
    17 | D        | Reached XP level 2. HP: 11/15 MP: 0/10
   102 | D        | Learned a level 2 spell: Searing Ray
   124 | D        | Noticed an ogre
   129 | D        | Killed an ogre
   130 | D        | Reached skill level 9 in Conjurations
   130 | D        | Reached XP level 3. HP: 19/19 MP: 4/14
   130 | D        | Reached XP level 4. HP: 24/24 MP: 4/15
   136 | D        | Learned a level 4 spell: Fulminant Prism
   141 | D        | Learned a level 4 spell: Iskenderun's Mystic Blast
   316 | D        | Noticed Sigmund
   318 | D        | Killed Sigmund
   319 | D        | Reached skill level 11 in Conjurations
   319 | D        | Reached XP level 5. HP: 28/28 MP: 7/18
   319 | D        | Reached XP level 6. HP: 32/32 MP: 7/20
   404 | D        | Found an ornate altar of the Wu Jian Council.
   404 | D        | Found a shimmering blue altar of Sif Muna.
   412 | D        | Found a radiant altar of Vehumet.
   417 | D        | Became a worshipper of Sif Muna the Loreminder
   453 | D        | Found Oguna's Antique Armour Emporium.
   453 | D        | Found an ancient bone altar of Kikubaaqudgha.
   453 | D        | Found a hazy altar of Hepliaklqana.
   453 | D        | Found a stormy altar of Qazlal.
   453 | D        | Found a hide-covered altar of Uskayaw.
   453 | D        | Found a blossoming altar of Fedhas.
   453 | D        | Found a bloodstained altar of Trog.
   453 | D        | Found an iron altar of Okawaru.
   453 | D        | Found a basalt altar of Yredelemnul.
   453 | D        | Found a glowing golden altar of the Shining One.
   453 | D        | Found a snail-covered altar of Cheibriados.
   453 | D        | Found a sacrificial altar of Ru.
   453 | D        | Found a glowing silver altar of Zin.
   453 | D        | Found a shadowy altar of Dithmenos.
   453 | D        | Found a white marble altar of Elyvilon.
   453 | D        | Noticed a yak
   462 | D        | Noticed Sonja
   466 | D        | Killed a yak
   467 | D        | Reached skill level 10 in Spellcasting
   467 | D        | Reached skill level 12 in Conjurations
   594 | D        | Killed Sonja
   595 | D        | Reached skill level 14 in Conjurations
   595 | D        | Reached XP level 7. HP: 44/44 MP: 6/24
   669 | D        | Found an opulent altar of Gozag.
   670 | D        | Found a sparkling altar of Nemelex Xobeh.
   674 | D        | Bought a heavily runed robe for 148 gold pieces
   674 | D        | Identified the +1 robe "Ceud" {rCorr Str+4} (You bought it
                  | in a shop in the Dungeon)
   700 | D        | Noticed a glass eye
   713 | D        | Killed a glass eye
   713 | D        | Reached * piety under Sif Muna
   714 | D        | Reached skill level 5 in Fighting
   714 | D        | Reached XP level 8. HP: 49/49 MP: 18/26
   755 | D        | Noticed a shining eye
   762 | D        | Killed a shining eye
   763 | D        | Reached skill level 15 in Conjurations
   763 | D        | Reached skill level 5 in Invocations
   763 | D        | Noticed a shining eye
   763 | D        | Noticed a glass eye
   763 | D        | Noticed a shining eye
   769 | D        | Killed a shining eye
   770 | D        | Reached skill level 5 in Dodging
   772 | D        | Killed a glass eye
   772 | D        | Reached ** piety under Sif Muna
   773 | D        | Reached skill level 16 in Conjurations
   773 | D        | Reached XP level 9. HP: 54/54 MP: 9/28
   774 | D        | Noticed a shining eye
   779 | D        | Killed a shining eye
   780 | D        | Reached skill level 17 in Conjurations
   907 | D        | Noticed a shining eye
   913 | D        | Killed a shining eye
   913 | D        | Reached *** piety under Sif Muna
   913 | D        | Killed a shining eye
   914 | D        | Reached skill level 15 in Spellcasting
   918 | D        | Reached skill level 18 in Conjurations
   972 | D        | Found Tyapreta's Armour Boutique.
   972 | D        | Noticed a shining eye
   985 | D        | Killed a shining eye
   992 | D        | Noticed a shining eye
  1001 | D        | Killed a shining eye
  1001 | D        | Reached **** piety under Sif Muna
  1002 | D        | Reached XP level 10. HP: 59/59 MP: 11/32
  1105 | D        | Found Laebb's General Store.
  1105 | D        | Found Doys's Magic Scroll Emporium.
  1106 | D        | Found Seumaish's General Store.
  1106 | D        | Found Kiypn's Weapon Boutique.
  1118 | D        | Bought a scroll of fear for 52 gold pieces
  1118 | D        | Bought a scroll of identify for 26 gold pieces
  1141 | D        | Noticed a deep troll
  1146 | D        | Noticed a shining eye
  1150 | D        | Killed a deep troll
  1151 | D        | Reached skill level 19 in Conjurations
  1156 | D        | Killed a shining eye
  1254 | D        | Found Jawoak's Armour Emporium.
  1256 | D        | Identified the staff of Due Proportion {Str+2 Air Earth}
  1276 | D        | Noticed a centaur warrior
  1282 | D        | Noticed a centaur warrior
  1282 | D        | Killed a centaur warrior
  1287 | D        | HP: 2/60 [centaur warrior/arrow (21)]
  1291 | D        | Killed a centaur warrior
  1291 | D        | Reached ***** piety under Sif Muna
  1455 | D        | Reached skill level 20 in Conjurations
  1485 | D        | Noticed an oklob plant
  1499 | D        | Killed an oklob plant
  1499 | D        | Received a gift from Sif Muna
  1502 | D        | Got Sif Muna's Folio of the Valley of Death {god gift}
  1509 | D        | Learned a level 5 spell: Freezing Cloud
  1662 | D        | Reached skill level 10 in Invocations
  1768 | D        | Received a gift from Sif Muna
  1769 | D        | Got Dumoe's Folio of the Exothermic Birds {god gift}
  1779 | D        | Reached XP level 11. HP: 47/67 MP: 12/34
  1927 | D        | Learned a level 5 spell: Fireball
  1941 | D        | Reached skill level 1 in Fire Magic
  1941 | D        | Reached skill level 1 in Ice Magic
  2107 | D        | Found Miennom's Assorted Antiques.
  2108 | D        | Found Fuireih's Armour Shop.
  2108 | D        | Found Wontisku's Book Boutique.
  2109 | D        | Found Eprowiti's Antique Armour Boutique.
  2109 | D        | Found Kubuq's Magic Scroll Emporium.
  2111 | D        | Received a gift from Sif Muna
  2112 | D        | Found Xobar's Distillery.
  2114 | D        | Got Fitulem's Vellum of Green Exhalation {god gift}
  2140 | D        | Found Isuimmele's Book Emporium.
  2140 | D        | Found Qeydoash's Book Shop.
  2140 | D        | Found Cuam's Magic Scroll Shoppe.
  2140 | D        | Found Ijapoo's Distillery.
  2140 | D        | Found Axtel's Antique Weapon Emporium.
  2140 | D        | Found Wojus Wadwui's Distillery.
  2140 | D        | Found Icafuek's Distillery.
  2141 | D        | Found Fuihudd's Weapon Boutique.
  2151 | D        | Bought a potion of haste for 130 gold pieces
  2177 | D        | Bought a glowing cloak for 202 gold pieces
  2183 | D        | Bought a potion of cancellation for 104 gold pieces
  2184 | D        | Bought a scroll of blinking for 90 gold pieces
  2186 | D        | Bought a potion of heal wounds for 55 gold pieces
  2186 | D        | Bought a potion of resistance for 110 gold pieces
  2191 | D        | Bought a potion of resistance for 130 gold pieces
  2191 | D        | Bought a potion of magic for 104 gold pieces
  2191 | D        | Bought a potion of brilliance for 52 gold pieces
  2239 | D        | Found a viscous altar of Jiyva.
  2239 | D        | Found a corrupted altar of Lugonu.
  2240 | D        | Found a burning altar of Makhleb.
  2240 | D        | Found a shimmering altar of Xom.
  2331 | D        | Noticed a demonic crawler
  2332 | D        | Noticed a demonic crawler
  2366 | D        | Noticed a demonic crawler
  2367 | D        | Killed a demonic crawler
  2368 | D        | Reached skill level 21 in Conjurations
  2370 | D        | Killed a demonic crawler
  2371 | D        | Reached skill level 5 in Fire Magic
  2371 | D        | Reached skill level 5 in Ice Magic
  2597 | D        | Noticed a demonic crawler
  2609 | D        | Killed a demonic crawler
  2609 | D        | Received a gift from Sif Muna
  2770 | D        | Killed a demonic crawler
  2996 | D        | Learned a level 5 spell: Irradiate
  3003 | D        | Noticed a lindwurm
  3010 | D        | Killed a lindwurm
  3065 | D        | Reached ****** piety under Sif Muna
  3066 | D        | Received a gift from Sif Muna
  3068 | D        | Reached skill level 10 in Fighting
  3072 | D        | Reached skill level 10 in Fire Magic
  3203 | D        | Received a gift from Sif Muna
  3206 | D        | Got Sif Muna's Second Course in Spellweaving {god gift}
  3214 | D        | Learned a level 6 spell: Bombard
  3236 | D        | Reached skill level 1 in Earth Magic
  3312 | D        | Noticed a 12-headed hydra
  3348 | D        | Killed a 12-headed hydra
  3486 | D        | Noticed a deep elf annihilator
  3489 | D        | Reached XP level 12. HP: 77/77 MP: 25/36
  3579 | D        | Killed a deep elf annihilator
  3580 | D        | Reached skill level 5 in Earth Magic
  3634 | D        | Received a gift from Sif Muna
  3635 | D        | Got Voudajyo's Commentary on the Coruscating Geologist {god
                  | gift}
  3705 | D        | Learned a level 7 spell: Orb of Destruction
  3712 | D        | Killed a mummy priest
  3865 | D        | Bought a potion of enlightenment for 65 gold pieces
  3911 | D        | Noticed the 27-headed Lernaean hydra
  3935 | D        | Killed the 27-headed Lernaean hydra
  4179 | D        | Noticed a deep elf master archer
  4181 | D        | Killed a deep elf master archer
  4182 | D        | Reached skill level 15 in Fire Magic
  4354 | D        | Bought a potion of enlightenment for 55 gold pieces
  4355 | D        | Bought a potion of enlightenment for 65 gold pieces
  4485 | D        | Identified the +4 hand axe "Cikuutz" {speed, *Corrode Fly
                  | Dex+3}
  4561 | D        | Identified the ring "Ystripiy" {rPois rN+ MP+9 Str-2
                  | Slay+2}
  4565 | D        | Identified the +6 sling "Giedyhu" {drain, Str+3}
  4855 | D        | Bought a scroll of identify for 24 gold pieces
  4856 | D        | Noticed a fire giant
  4856 | D        | Noticed a fire giant
  4869 | D        | Bought a manual of Fighting for 1120 gold pieces
  4947 | D        | Killed a lorocyproca
  4947 | D        | Received a gift from Sif Muna
  5159 | D        | Noticed a daeva
  5369 | D        | Killed a daeva
  5539 | D        | Got the Octavo of Unhallowed Magic and Curses
  5554 | D        | Noticed a fire giant
  5556 | D        | Noticed a fire giant
  5566 | D        | Killed a fire giant
  5566 | D        | Received a gift from Sif Muna
  5567 | D        | Reached skill level 15 in Fighting
  5567 | D        | Got Hiawed's Almanac of the Violent Sun {god gift}
  5569 | D        | Killed a fire giant
  5570 | D        | Reached XP level 13. HP: 68/93 MP: 22/37
  5642 | D        | Killed a fire giant
  5724 | D        | Killed a fire giant
  5746 | D        | Got the Orb of Zot
  5746 | D        | Found the +4 dragonskin cloak
  5746 | D        | Noticed Tiamat
  5807 | D        | Escaped with the Orb!

Illustrated notes

Levels and vault maps discovered:
D:        dungeon_sprint_1 [red_sonja_temple_1, red_sonja_temple_small_1]

Skill      XL: |  1  2  3  4  5  6  7  8  9 10 11 12 13 |
---------------+----------------------------------------+-----
Spellcasting   | 5 7 9 11 12 13 16 17 18 | 18.0
Conjurations   | 6 9 11 14 16 18 20 21 | 21.0
Translocations | 3 |  3.0
Alchemy        | 3 |  3.0
Fighting       | 4 5 7 10 15 16 | 16.5
Invocations    | 4 6 8 10 | 10.0
Dodging        | 5 6 8 |  8.0
Fire Magic     | 11 15 | 15.8
Ice Magic      | 5 |  5.0
Earth Magic    | 3 8 |  8.0
Stealth        | |  2.4

Action                     |  1- 3 |  4- 6 |  7- 9 | 10-12 | 13-15 || total
---------------------------+-------+-------+-------+-------+-------++-------
  Melee: Unarmed           |     2 |       |       |       |       ||     2
   Cast: Magic Dart        |     7 |       |       |       |       ||     7
         Searing Ray       |     1 |       |       |     3 |       ||     4
         Fulminant Prism   |       |     8 |    18 |    31 |       ||    57
         Iskenderun's Myst |       |     4 |       |    56 |       ||    60
         Freezing Cloud    |       |       |       |     8 |       ||     8
         Fireball          |       |       |       |    31 |       ||    31
         Bombard           |       |       |       |     5 |     5 ||    10
         Orb of Destructio |       |       |       |     5 |       ||     5
  Evoke: Wand              |       |       |       |     1 |       ||     1
    Use: Potion            |     2 |       |       |     5 |       ||     7
         Scroll            |       |       |       |     5 |     4 ||     9
 Armour: Robe              |     1 |     1 |     2 |    20 |       ||    24
         Leather armour    |       |       |       |    15 |       ||    15
  Dodge: Dodged            |       |     1 |       |    10 |     1 ||    12
